Oilers vs RedWings

Created - March 20, 2024 at 00:52

Goals
1 2 3 T
Oilers 0 0 3 3
RedWings 0 0 1 1
Shots
1 2 3 T
Oilers 11 9 8 28
RedWings 3 7 7 17

GoalsPenalties
1st period
No Goal
John Carlson (DET) for Hooking (Minor) at 13:16
2nd period
No Goal
David Perron (DET) for Hooking (Minor) at 5:21
Nick Foligno (DET) for Holding (Minor) at 11:27
Cole Perfetti (EDM) for Tripping (Minor) at 19:45
3rd period
1. RedWings , Phillip Di Giuseppe 14 (Stefan Noesen 5, Patrik Nemeth 5) at 7:40
2. Oilers , Alexander Barabanov 17 (Josh Bailey 16, Brandon Hagel 36) at 14:11
3. Oilers , Ryan Johansen 23 (Brandon Hagel 37, Ryan Pulock 31) at 15:43
4. Oilers , Scott Mayfield 3 (Kasperi Kapanen 11, Jakob Silfverberg 15) at 19:05 (PP)
Nick Foligno (DET) for Tripping (Minor) at 9:23
Ondrej Palat (EDM) for High sticking (Minor) at 12:01
Ryan Hartman (DET) for Interference (Minor) at 17:53
Goalie Stats
Jack Campbell (EDM), 16 saves from 17 shots - (0.941), W, 19-17-5, 60:00 minutes
Adin Hill (DET), 25 saves from 28 shots - (0.893), L, 19-18-1, 60:00 minutes
3 StarsOfficial
1 - Scott Mayfield (EDM)
2 - Brandon Hagel (EDM)
3 - Alexander Barabanov (EDM)
Referees : Steve Kozari and Dave Lewis
Linesman : Devin Berg and Ryan Daisy
Game Note
No Game Note
Finance
Level 1 -- Attendance: 6485 (99.77%) -- Ticket Income $778,200
Level 2 -- Attendance: 4640 (92.80%) -- Ticket Income $371,200
Level 3 -- Attendance: 2939 (83.97%) -- Ticket Income $205,730
Level 4 -- Attendance: 2597 (64.49%) -- Ticket Income $90,895
Luxury Box -- Attendance: 984 (98.40%) -- Ticket Income $216,480
Game was played at the Joe Louis Arena.
Total Attendance: 17645 (88.11%)
Total Ticket Income: $1,662,505
Other Income: $415,626
Total Income: $2,078,131



Team Name Goals Shots Shots Attemp Shots Blocked PIM HIT PP PK FO%
Oilers 3286134161 / 5 (20%)044%
RedWings 11733510230 / 2 (0%)156%

Oilers
Player Name POS G A P +/- PIM HIT SHT SB MP PP MP PP SHT PK MP PK SHT FO% FOT
Alexander BarabanovLW1011001015:474:2100:00050% 2
Brandon HagelLW0221001018:354:2412:12033% 6
Brock BoeserRW0001001016:234:2410:0000% 0
Casey CizikasC000-1035011:250:0000:00059% 17
Cole PerfettiC0000201015:563:5300:00040% 5
Dylan StromeC0000021018:374:4711:46047% 15
Jakob SilfverbergRW011-1003014:000:2302:1200% 0
Jamie DrysdaleD000-1000120:005:0800:0000% 0
Josh BaileyRW0111002015:524:2610:000100% 1
Kasperi KapanenRW011-1012012:160:5100:0000% 0
Ondrej PalatLW0000224015:563:5310:0000% 1
Paul StastnyC0001010011:540:2800:00040% 10
Robin SaloD0000020016:070:2300:0000% 0
Ryan JohansenC1011001018:044:1901:46029% 14
Ryan PulockD0112001021:473:3711:5200% 0
Scott MayfieldD1010044018:130:2312:0600% 0
Troy StecherD000-1010116:580:0002:0600% 0
Vladislav GavrikovD0002001118:100:0001:5200% 0
RedWings
Player Name POS G A P +/- PIM HIT SHT SB MP PP MP PP SHT PK MP PK SHT FO% FOT
Brayden SchennC000-1041018:472:0205:34067% 18
David PastrnakRW000-1002018:090:0000:00053% 17
David PerronLW000-1222022:361:5602:32040% 5
Denis GurianovRW000000007:160:0000:0000% 0
Derick BrassardC0001001015:071:5602:53062% 13
Drew DoughtyD000-1043221:061:3013:3800% 0
Erik KarlssonD000-1011025:272:2815:3400% 0
Evgenii DadonovRW000-1010018:472:0205:34050% 10
John CarlsonD000-1202023:572:2824:0500% 0
Mark ScheifeleC000000007:390:0000:2300% 0
Nick CousinsC000000017:160:0000:00067% 3
Nick FolignoLW000-1431013:342:0210:2300% 2
Patrik NemethD0111020014:560:0001:2500% 0
Phillip Di GiuseppeLW1011021013:111:5600:5700% 0
Ryan HartmanRW000-1212018:080:0000:0000% 1
Ryan MurrayD0001000113:310:0000:0000% 0
Seth JonesD000-1020121:021:3003:3400% 0
Stefan NoesenRW0111011010:180:0000:000100% 2



Play-by-Play

1st period


0:01 of 1st period - David Pastrnak wins face-off versus Ryan Johansen in neutral zone.
0:32 of 1st period - Shot by Ryan Hartman.
0:32 of 1st period - Shot Misses the Net.
2:42 of 1st period - Icing by Nick Foligno.
2:43 of 1st period - Brayden Schenn wins face-off versus Casey Cizikas in RedWings zone.
3:17 of 1st period - Icing by Patrik Nemeth.
3:18 of 1st period - Stefan Noesen wins face-off versus Dylan Strome in RedWings zone.
4:53 of 1st period - Kasperi Kapanen is hit by Drew Doughty and loses puck.
5:00 of 1st period - Shot by Jakob Silfverberg.
5:00 of 1st period - Stopped by Adin Hill without a rebound.
5:01 of 1st period - Brayden Schenn wins face-off versus Paul Stastny in RedWings zone.
5:08 of 1st period - Shot by Evgenii Dadonov.
5:08 of 1st period - Shot Misses the Net.
6:00 of 1st period - Icing by Jakob Silfverberg.
6:01 of 1st period - Casey Cizikas wins face-off versus David Perron in Oilers zone.
6:21 of 1st period - Scott Mayfield is hit by David Perron and loses puck.
6:36 of 1st period - Shot by Kasperi Kapanen.
6:36 of 1st period - Deflect By Jakob Silfverberg.
6:36 of 1st period - Stopped by Adin Hill without a rebound.
6:37 of 1st period - Brandon Hagel wins face-off versus Derick Brassard in RedWings zone.
6:50 of 1st period - Shot by Brandon Hagel.
6:50 of 1st period - Deflect By Ryan Johansen.
6:50 of 1st period - Shot Blocked by Drew Doughty.
6:58 of 1st period - Shot by Ryan Johansen.
6:58 of 1st period - Deflect By Brock Boeser.
6:58 of 1st period - Shot Misses the Net.
7:00 of 1st period - Shot by Jamie Drysdale.
7:00 of 1st period - Shot Misses the Net.
7:06 of 1st period - Shot by Ryan Johansen.
7:06 of 1st period - Shot Hit the Post.
7:10 of 1st period - Shot by Brandon Hagel.
7:10 of 1st period - Shot Misses the Net.
8:05 of 1st period - Shot by Mark Scheifele.
8:05 of 1st period - Shot Misses the Net.
8:24 of 1st period - Icing by Vladislav Gavrikov.
8:25 of 1st period - David Pastrnak wins face-off versus Paul Stastny in Oilers zone.
8:30 of 1st period - Shot by David Perron.
8:30 of 1st period - Stopped by Jack Campbell without a rebound.
8:31 of 1st period - Casey Cizikas wins face-off versus David Pastrnak in Oilers zone.
8:43 of 1st period - Casey Cizikas is hit by Seth Jones.
9:00 of 1st period - Icing by Kasperi Kapanen.
9:01 of 1st period - Casey Cizikas wins face-off versus Nick Foligno in Oilers zone.
9:01 of 1st period - Kasperi Kapanen is hit by Evgenii Dadonov.
10:17 of 1st period - Shot by Ryan Pulock.
10:17 of 1st period - Deflect By Cole Perfetti.
10:17 of 1st period - Stopped by Adin Hill without a rebound.
10:18 of 1st period - David Perron wins face-off versus Ryan Johansen in RedWings zone.
10:20 of 1st period - Icing by Drew Doughty.
10:21 of 1st period - David Pastrnak wins face-off versus Ryan Johansen in RedWings zone.
10:32 of 1st period - Shot by David Pastrnak.
10:32 of 1st period - Shot Misses the Net.
10:35 of 1st period - Icing by Troy Stecher.
10:36 of 1st period - Derick Brassard wins face-off versus Ryan Johansen in Oilers zone.
10:37 of 1st period - Shot by Stefan Noesen.
10:37 of 1st period - Shot Misses the Net.
10:47 of 1st period - Shot by Ryan Murray.
10:47 of 1st period - Shot Blocked by Troy Stecher.
10:49 of 1st period - Shot by Derick Brassard.
10:49 of 1st period - Shot Misses the Net.
11:13 of 1st period - Brock Boeser is hit by Phillip Di Giuseppe and loses puck.
11:45 of 1st period - Alexander Barabanov is hit by Drew Doughty.
12:17 of 1st period - Shot by David Perron.
12:17 of 1st period - Shot Misses the Net.
12:38 of 1st period - Dylan Strome is hit by Drew Doughty and loses puck.
12:46 of 1st period - Dylan Strome is hit by Seth Jones and loses puck.
12:59 of 1st period - Shot by Dylan Strome.
12:59 of 1st period - Shot Misses the Net.
13:01 of 1st period - Shot by Ondrej Palat.
13:01 of 1st period - Stopped by Adin Hill without a rebound.
13:02 of 1st period - Casey Cizikas wins face-off versus Nick Foligno in RedWings zone.
13:11 of 1st period - Shot by Jakob Silfverberg.
13:11 of 1st period - Shot Misses the Net.
13:16 of 1st period - Minor Penalty to John Carlson for Hooking.
13:17 of 1st period - Evgenii Dadonov wins face-off versus Dylan Strome in RedWings zone.
13:55 of 1st period - Shot by Dylan Strome.
13:55 of 1st period - Stopped by Adin Hill without a rebound.
13:56 of 1st period - Cole Perfetti wins face-off versus Evgenii Dadonov in RedWings zone.
14:05 of 1st period - Shot by Ryan Pulock.
14:05 of 1st period - Stopped by Adin Hill without a rebound.
14:06 of 1st period - Evgenii Dadonov wins face-off versus Cole Perfetti in RedWings zone.
14:30 of 1st period - Shot by Ryan Pulock.
14:30 of 1st period - Shot Misses the Net.
14:34 of 1st period - Shot by Ondrej Palat.
14:34 of 1st period - Stopped by Adin Hill without a rebound.
14:35 of 1st period - Dylan Strome wins face-off versus Evgenii Dadonov in RedWings zone.
14:42 of 1st period - Shot by Brock Boeser.
14:42 of 1st period - Shot Misses the Net.
15:10 of 1st period - Shot by Dylan Strome.
15:10 of 1st period - Deflect By Brock Boeser.
15:10 of 1st period - Stopped by Adin Hill without a rebound.
15:11 of 1st period - Alexander Barabanov wins face-off versus Evgenii Dadonov in RedWings zone.
15:18 of 1st period - Shot by Scott Mayfield.
15:18 of 1st period - Stopped by Adin Hill without a rebound.
15:19 of 1st period - Stefan Noesen wins face-off versus Casey Cizikas in RedWings zone.
15:54 of 1st period - Shot by Casey Cizikas.
15:54 of 1st period - Stopped by Adin Hill without a rebound.
15:55 of 1st period - Ryan Johansen wins face-off versus David Pastrnak in RedWings zone.
15:56 of 1st period - Shot by Brock Boeser.
15:56 of 1st period - Shot Misses the Net.
16:43 of 1st period - Icing by Jamie Drysdale.
16:44 of 1st period - Brayden Schenn wins face-off versus Ryan Johansen in Oilers zone.
16:55 of 1st period - Shot by Brayden Schenn.
16:55 of 1st period - Stopped by Jack Campbell without a rebound.
16:56 of 1st period - Dylan Strome wins face-off versus Derick Brassard in Oilers zone.
17:00 of 1st period - Off-side.
17:01 of 1st period - Dylan Strome wins face-off versus Brayden Schenn in neutral zone.
17:23 of 1st period - Ondrej Palat is hit by Patrik Nemeth and loses puck.
17:39 of 1st period - Off-side.
17:40 of 1st period - Paul Stastny wins face-off versus David Pastrnak in neutral zone.
18:11 of 1st period - Josh Bailey is hit by Ryan Hartman and loses puck.
18:17 of 1st period - Icing by Alexander Barabanov.
18:18 of 1st period - Derick Brassard wins face-off versus Paul Stastny in Oilers zone.
18:20 of 1st period - Stefan Noesen is hit by Robin Salo and loses puck.
18:42 of 1st period - Off-side.
18:43 of 1st period - Brayden Schenn wins face-off versus Casey Cizikas in neutral zone.
18:43 of 1st period - Patrik Nemeth is hit by Kasperi Kapanen and loses puck.
18:52 of 1st period - Shot by Casey Cizikas.
18:52 of 1st period - Stopped by Adin Hill without a rebound.
18:53 of 1st period - David Pastrnak wins face-off versus Dylan Strome in RedWings zone.
18:53 of 1st period - David Pastrnak is hit by Dylan Strome.
19:14 of 1st period - Shot by David Pastrnak.
19:14 of 1st period - Stopped by Jack Campbell without a rebound.
19:15 of 1st period - Casey Cizikas wins face-off versus Brayden Schenn in Oilers zone.
19:15 of 1st period - Ryan Pulock is hit by Nick Foligno and loses puck.
19:41 of 1st period - Jakob Silfverberg is hit by Nick Foligno and loses puck.
19:45 of 1st period - Icing by Kasperi Kapanen.
19:46 of 1st period - David Pastrnak wins face-off versus Casey Cizikas in Oilers zone.
19:57 of 1st period - John Carlson is hit by Casey Cizikas and loses puck.
Goals for this period are 0 for Oilers vs 0 for RedWings.
Shots for this period are 11 for Oilers vs 3 for RedWings.

2nd period


0:01 of 2nd period - Ryan Johansen wins face-off versus David Pastrnak in neutral zone.
1:10 of 2nd period - Icing by Ryan Johansen.
1:11 of 2nd period - Nick Cousins wins face-off versus Ryan Johansen in Oilers zone.
1:57 of 2nd period - Shot by Ondrej Palat.
1:57 of 2nd period - Shot Misses the Net.
2:03 of 2nd period - Shot by Cole Perfetti.
2:03 of 2nd period - Shot Blocked by Seth Jones.
2:05 of 2nd period - Shot by Ondrej Palat.
2:05 of 2nd period - Stopped by Adin Hill without a rebound.
2:06 of 2nd period - Brayden Schenn wins face-off versus Alexander Barabanov in RedWings zone.
2:34 of 2nd period - Shot by Scott Mayfield.
2:34 of 2nd period - Stopped by Adin Hill without a rebound.
2:35 of 2nd period - David Pastrnak wins face-off versus Casey Cizikas in RedWings zone.
2:35 of 2nd period - David Perron is hit by Casey Cizikas and loses puck.
2:56 of 2nd period - Shot by Ryan Hartman.
2:56 of 2nd period - Shot Misses the Net.
3:31 of 2nd period - Icing by Scott Mayfield.
3:32 of 2nd period - Derick Brassard wins face-off versus Paul Stastny in Oilers zone.
3:32 of 2nd period - Derick Brassard is hit by Scott Mayfield.
3:37 of 2nd period - Icing by Scott Mayfield.
3:38 of 2nd period - Brayden Schenn wins face-off versus Paul Stastny in Oilers zone.
3:52 of 2nd period - Evgenii Dadonov is hit by Scott Mayfield and loses puck.
4:29 of 2nd period - Icing by John Carlson.
4:30 of 2nd period - Brayden Schenn wins face-off versus Ondrej Palat in RedWings zone.
4:48 of 2nd period - Icing by Seth Jones.
4:49 of 2nd period - Casey Cizikas wins face-off versus Ryan Hartman in RedWings zone.
4:50 of 2nd period - Shot by Kasperi Kapanen.
4:50 of 2nd period - Stopped by Adin Hill with a rebound.
5:21 of 2nd period - Minor Penalty to David Perron for Hooking.
5:22 of 2nd period - Cole Perfetti wins face-off versus Evgenii Dadonov in RedWings zone.
5:23 of 2nd period - Shot by Jamie Drysdale.
5:23 of 2nd period - Shot Misses the Net.
6:05 of 2nd period - Shot by Ryan Johansen.
6:05 of 2nd period - Shot Misses the Net.
7:56 of 2nd period - Shot by Kasperi Kapanen.
7:56 of 2nd period - Stopped by Adin Hill with a rebound.
7:58 of 2nd period - Shot by Casey Cizikas.
7:58 of 2nd period - Shot Misses the Net.
8:00 of 2nd period - Shot by Scott Mayfield.
8:00 of 2nd period - Stopped by Adin Hill without a rebound.
8:01 of 2nd period - Derick Brassard wins face-off versus Dylan Strome in RedWings zone.
8:01 of 2nd period - Derick Brassard is hit by Ondrej Palat.
8:17 of 2nd period - Shot by Seth Jones.
8:17 of 2nd period - Shot Blocked by Jamie Drysdale.
8:19 of 2nd period - Shot by Drew Doughty.
8:19 of 2nd period - Stopped by Jack Campbell without a rebound.
8:20 of 2nd period - Paul Stastny wins face-off versus Brayden Schenn in Oilers zone.
8:20 of 2nd period - Paul Stastny is hit by Nick Foligno.
9:16 of 2nd period - Icing by Drew Doughty.
9:17 of 2nd period - David Pastrnak wins face-off versus Ryan Johansen in RedWings zone.
9:22 of 2nd period - Jamie Drysdale is hit by David Perron and loses puck.
9:41 of 2nd period - Shot by Drew Doughty.
9:41 of 2nd period - Stopped by Jack Campbell without a rebound.
9:42 of 2nd period - Derick Brassard wins face-off versus Dylan Strome in Oilers zone.
10:19 of 2nd period - Shot by Stefan Noesen.
10:19 of 2nd period - Stopped by Jack Campbell with a rebound.
11:00 of 2nd period - Brock Boeser is hit by Erik Karlsson and loses puck.
11:27 of 2nd period - Minor Penalty to Nick Foligno for Holding.
11:28 of 2nd period - Evgenii Dadonov wins face-off versus Cole Perfetti in RedWings zone.
11:28 of 2nd period - Evgenii Dadonov is hit by Ondrej Palat.
12:26 of 2nd period - Shot by Brock Boeser.
12:26 of 2nd period - Shot Misses the Net.
13:39 of 2nd period - Casey Cizikas is hit by Patrik Nemeth.
14:33 of 2nd period - Shot by Cole Perfetti.
14:33 of 2nd period - Shot Misses the Net.
14:35 of 2nd period - Shot by Vladislav Gavrikov.
14:35 of 2nd period - Shot Blocked by Drew Doughty.
14:37 of 2nd period - Shot by Vladislav Gavrikov.
14:37 of 2nd period - Stopped by Adin Hill with a rebound.
15:13 of 2nd period - Shot by Josh Bailey.
15:13 of 2nd period - Shot Misses the Net.
15:15 of 2nd period - Shot by Paul Stastny.
15:15 of 2nd period - Shot Misses the Net.
15:19 of 2nd period - Shot by Josh Bailey.
15:19 of 2nd period - Shot Misses the Net.
15:47 of 2nd period - Shot by Ryan Hartman.
15:47 of 2nd period - Stopped by Jack Campbell with a rebound.
16:08 of 2nd period - Ryan Hartman is hit by Robin Salo and loses puck.
17:12 of 2nd period - Ryan Pulock is hit by Brayden Schenn and loses puck.
17:55 of 2nd period - Shot by Jakob Silfverberg.
17:55 of 2nd period - Shot Misses the Net.
17:57 of 2nd period - Shot by Casey Cizikas.
17:57 of 2nd period - Stopped by Adin Hill without a rebound.
17:58 of 2nd period - Paul Stastny wins face-off versus Derick Brassard in RedWings zone.
18:25 of 2nd period - Josh Bailey is hit by Stefan Noesen.
18:26 of 2nd period - Icing by Josh Bailey.
18:27 of 2nd period - Josh Bailey wins face-off versus David Pastrnak in Oilers zone.
18:54 of 2nd period - Shot by David Perron.
18:54 of 2nd period - Shot Misses the Net.
18:56 of 2nd period - Shot by David Perron.
18:56 of 2nd period - Stopped by Jack Campbell with a rebound.
18:58 of 2nd period - Shot by Ryan Hartman.
18:58 of 2nd period - Deflect By David Pastrnak.
18:58 of 2nd period - Stopped by Jack Campbell with a rebound.
19:00 of 2nd period - Shot by Ryan Hartman.
19:00 of 2nd period - Stopped by Jack Campbell without a rebound.
19:01 of 2nd period - Brayden Schenn wins face-off versus Casey Cizikas in Oilers zone.
19:16 of 2nd period - Shot by Casey Cizikas.
19:16 of 2nd period - Stopped by Adin Hill without a rebound.
19:17 of 2nd period - Derick Brassard wins face-off versus Dylan Strome in RedWings zone.
19:44 of 2nd period - Shot by Ondrej Palat.
19:44 of 2nd period - Stopped by Adin Hill with a rebound.
19:45 of 2nd period - Minor Penalty to Cole Perfetti for Tripping.
19:46 of 2nd period - Brayden Schenn wins face-off versus Brandon Hagel in Oilers zone.
19:57 of 2nd period - Shot by Brayden Schenn.
19:57 of 2nd period - Shot Blocked by Vladislav Gavrikov.
Goals for this period are 0 for Oilers vs 0 for RedWings.
Shots for this period are 9 for Oilers vs 7 for RedWings.

3rd period


0:01 of 3rd period - Ryan Johansen wins face-off versus David Perron in neutral zone.
0:10 of 3rd period - Shot by Ryan Johansen.
0:10 of 3rd period - Shot Misses the Net.
0:17 of 3rd period - Derick Brassard is hit by Scott Mayfield and loses puck.
1:44 of 3rd period - Shot by Drew Doughty.
1:44 of 3rd period - Shot Misses the Net.
2:08 of 3rd period - Shot by Josh Bailey.
2:08 of 3rd period - Shot Misses the Net.
2:48 of 3rd period - Shot by Dylan Strome.
2:48 of 3rd period - Shot Blocked by Ryan Murray.
3:03 of 3rd period - Icing by Mark Scheifele.
3:04 of 3rd period - Casey Cizikas wins face-off versus Nick Cousins in RedWings zone.
3:17 of 3rd period - Shot by Vladislav Gavrikov.
3:17 of 3rd period - Shot Blocked by Nick Cousins.
3:19 of 3rd period - Shot by Vladislav Gavrikov.
3:19 of 3rd period - Shot Misses the Net.
5:17 of 3rd period - Shot by Dylan Strome.
5:17 of 3rd period - Shot Misses the Net.
5:51 of 3rd period - Icing by Erik Karlsson.
5:52 of 3rd period - Casey Cizikas wins face-off versus David Pastrnak in RedWings zone.
6:09 of 3rd period - Shot by Casey Cizikas.
6:09 of 3rd period - Stopped by Adin Hill without a rebound.
6:10 of 3rd period - Brayden Schenn wins face-off versus Ryan Johansen in RedWings zone.
6:21 of 3rd period - Shot by Brandon Hagel.
6:21 of 3rd period - Shot Misses the Net.
7:28 of 3rd period - Shot by Casey Cizikas.
7:28 of 3rd period - Shot Misses the Net.
7:40 of 3rd period - Shot by Phillip Di Giuseppe.
7:40 of 3rd period - Goal by Phillip Di Giuseppe - Oilers : 0 - RedWings : 1.
7:41 of 3rd period - Nick Cousins wins face-off versus Paul Stastny in neutral zone.
8:16 of 3rd period - Icing by Scott Mayfield.
8:17 of 3rd period - Paul Stastny wins face-off versus Derick Brassard in Oilers zone.
9:08 of 3rd period - Drew Doughty is hit by Paul Stastny and loses puck.
9:21 of 3rd period - Icing by Vladislav Gavrikov.
9:22 of 3rd period - Casey Cizikas wins face-off versus Brayden Schenn in Oilers zone.
9:22 of 3rd period - Casey Cizikas is hit by Brayden Schenn.
9:23 of 3rd period - Minor Penalty to Nick Foligno for Tripping.
9:24 of 3rd period - Dylan Strome wins face-off versus Evgenii Dadonov in RedWings zone.
9:27 of 3rd period - Shot by Brandon Hagel.
9:27 of 3rd period - Shot Misses the Net.
9:29 of 3rd period - Shot by Brandon Hagel.
9:29 of 3rd period - Stopped by Adin Hill without a rebound.
9:30 of 3rd period - Evgenii Dadonov wins face-off versus Dylan Strome in RedWings zone.
10:44 of 3rd period - Shot by Josh Bailey.
10:44 of 3rd period - Stopped by Adin Hill with a rebound.
10:46 of 3rd period - Shot by Ryan Pulock.
10:46 of 3rd period - Shot Misses the Net.
11:52 of 3rd period - Shot by Kasperi Kapanen.
11:52 of 3rd period - Deflect By Jakob Silfverberg.
11:52 of 3rd period - Stopped by Adin Hill without a rebound.
11:53 of 3rd period - Dylan Strome wins face-off versus Brayden Schenn in RedWings zone.
11:56 of 3rd period - Shot by Dylan Strome.
11:56 of 3rd period - Shot Misses the Net.
12:01 of 3rd period - Minor Penalty to Ondrej Palat for High sticking.
12:02 of 3rd period - Brayden Schenn wins face-off versus Brandon Hagel in Oilers zone.
12:23 of 3rd period - Dylan Strome is hit by Brayden Schenn and loses puck.
12:44 of 3rd period - Shot by Erik Karlsson.
12:44 of 3rd period - Stopped by Jack Campbell without a rebound.
12:45 of 3rd period - David Perron wins face-off versus Brandon Hagel in Oilers zone.
13:08 of 3rd period - Shot by Drew Doughty.
13:08 of 3rd period - Stopped by Jack Campbell without a rebound.
13:09 of 3rd period - Brandon Hagel wins face-off versus David Perron in Oilers zone.
13:16 of 3rd period - Brandon Hagel is hit by Phillip Di Giuseppe and loses puck.
13:29 of 3rd period - Shot by John Carlson.
13:29 of 3rd period - Stopped by Jack Campbell with a rebound.
13:31 of 3rd period - Shot by John Carlson.
13:31 of 3rd period - Stopped by Jack Campbell without a rebound.
13:32 of 3rd period - Ryan Johansen wins face-off versus Brayden Schenn in Oilers zone.
13:43 of 3rd period - Shot by Brayden Schenn.
13:43 of 3rd period - Shot Misses the Net.
13:45 of 3rd period - Shot by Drew Doughty.
13:45 of 3rd period - Shot Misses the Net.
13:47 of 3rd period - Shot by Nick Foligno.
13:47 of 3rd period - Stopped by Jack Campbell without a rebound.
13:48 of 3rd period - Brayden Schenn wins face-off versus Brandon Hagel in Oilers zone.
13:57 of 3rd period - Shot by Erik Karlsson.
13:57 of 3rd period - Shot Misses the Net.
14:09 of 3rd period - Shot by Josh Bailey.
14:09 of 3rd period - Stopped by Adin Hill with a rebound.
14:11 of 3rd period - Shot by Alexander Barabanov.
14:11 of 3rd period - Goal by Alexander Barabanov - Oilers : 1 - RedWings : 1.
14:12 of 3rd period - Dylan Strome wins face-off versus Derick Brassard in neutral zone.
14:36 of 3rd period - Icing by Jamie Drysdale.
14:37 of 3rd period - Dylan Strome wins face-off versus David Pastrnak in Oilers zone.
14:42 of 3rd period - David Perron is hit by Dylan Strome and loses puck.
15:10 of 3rd period - David Pastrnak is hit by Troy Stecher and loses puck.
15:43 of 3rd period - Shot by Ryan Johansen.
15:43 of 3rd period - Goal by Ryan Johansen - Oilers : 2 - RedWings : 1.
15:44 of 3rd period - Derick Brassard wins face-off versus Ryan Johansen in neutral zone.
16:52 of 3rd period - Icing by Ryan Pulock.
16:53 of 3rd period - David Pastrnak wins face-off versus Ryan Johansen in Oilers zone.
17:42 of 3rd period - Casey Cizikas is hit by Drew Doughty and loses puck.
17:50 of 3rd period - Ryan Hartman is hit by Casey Cizikas.
17:53 of 3rd period - Minor Penalty to Ryan Hartman for Interference.
17:54 of 3rd period - Evgenii Dadonov wins face-off versus Cole Perfetti in RedWings zone.
18:48 of 3rd period - Scott Mayfield is hit by Brayden Schenn and loses puck.
19:05 of 3rd period - Shot by Scott Mayfield.
19:05 of 3rd period - Goal by Scott Mayfield - Oilers : 3 - RedWings : 1.
19:06 of 3rd period - Derick Brassard wins face-off versus Casey Cizikas in neutral zone.
19:19 of 3rd period - Shot by Stefan Noesen.
19:19 of 3rd period - Deflect By Derick Brassard.
19:19 of 3rd period - Stopped by Jack Campbell without a rebound.
19:20 of 3rd period - David Pastrnak wins face-off versus Dylan Strome in Oilers zone.
19:20 of 3rd period - Seth Jones is hit by Scott Mayfield.
19:41 of 3rd period - Icing by Drew Doughty.
19:42 of 3rd period - Casey Cizikas wins face-off versus David Pastrnak in RedWings zone.
Goals for this period are 3 for Oilers vs 1 for RedWings.
Shots for this period are 8 for Oilers vs 7 for RedWings.